 Dungeon Crawl Stone Soup version 0.29.1-15-g9cfb28693d (webtiles) character file.

Game seed: 9635496364320803320

67850 Cheops the Champion of Chaos (level 14, -7/90 HPs)
             Began as a Demonspawn Gladiator on Apr 11, 2023.
             Was the Champion of Makhleb.
             Killed themself with a bounced bolt of lightning (35 damage)
             ... on level 5 of the Lair of Beasts.
             The game lasted 01:59:21 (32692 turns).

Cheops the Champion of Chaos (DsGl)                Turns: 32692, Time: 01:59:21

Health: -7/90      AC: 14    Str: 15    XL:     14   Next: 84%
Magic:  26/26      EV: 10    Int: 11    God:    Makhleb [******]
Gold:   394        SH: 18    Dex: 18    Spells: 13/13 levels left

rFire   + . .      SeeInvis +   a - +4 scimitar (flame)
rCold   . . .      Faith    .   G - +3 buckler
rNeg    . . .      Spirit   .   X - +3 scale mail {rF+}
rPois   +          Reflect  +   (helmet unavailable)
rElec   .          Harm     .   I - +1 cloak {rPois}
rCorr   .          Rampage  .   Q - +0 pair of gloves
Will    ++...                   K - +2 pair of boots {Fly}
Stlth   ++........              k - amulet of reflection
HPRegen 0.25/turn               v - ring of willpower
MPRegen 0.20/turn               M - +4 ring of protection

@: corroded, flying
A: antennae 3, slimy green scales 2, icemail 1, condensation shield
a: Renounce Religion, Minor Destruction, Lesser Servant of Makhleb, Major
Destruction, Greater Servant of Makhleb


You were on level 5 of the Lair of Beasts.
You worshipped Makhleb.
Makhleb was exalted by your worship.
You visited 3 branches of the dungeon, and saw 20 of its levels.
You visited 1 bazaar.

You collected 1717 gold pieces.
You spent 1323 gold pieces at shops.

Inventory:

Hand Weapons
 a - a +4 scimitar of flaming (weapon)
 b - a +4 falchion of freezing
 c - a +2 long sword of protection
 d - a +0 vorpal great sword
Missiles
 w - 13 javelins
 z - 14 silver javelins
Armour
 p - a +2 leather armour of fire resistance
 G - a +3 buckler (worn)
 I - a +1 cloak of poison resistance (worn)
 K - a +2 pair of boots of flying (worn)
 Q - a +0 pair of gloves (worn)
 S - +0 acid dragon scales
 X - a +3 scale mail of fire resistance (worn)
Jewellery
 g - an amulet of regeneration
 j - a ring of magical power
 k - an amulet of reflection (around neck)
 u - a ring of wizardry
 v - a ring of willpower (left hand)
 M - a +4 ring of protection (right hand)
 N - a ring of fire
 W - a ring of fire
 Z - an amulet of guardian spirit
Wands
 m - a wand of mindburst (7)
 o - a wand of paralysis (16)
 J - a wand of roots (15)
 L - a wand of acid (4)
 O - a wand of polymorph (39)
 U - a wand of flame (3)
Scrolls
 e - a scroll of fear
 f - a scroll of magic mapping
 h - 5 scrolls of poison
 i - 4 scrolls of teleportation
 l - a scroll of blinking
 q - a scroll of acquirement
 s - 3 scrolls of silence
 y - 3 scrolls of fog
 T - a scroll of vulnerability
 V - a scroll of summoning
Potions
 n - 4 potions of mutation
 r - 5 potions of berserk rage
 t - 7 potions of attraction
 A - 6 potions of curing
 B - 5 potions of heal wounds
 C - 5 potions of haste
 D - 2 potions of might
 E - 2 potions of cancellation
 F - a potion of invisibility
 H - a potion of resistance
 P - 3 potions of lignification
 R - a potion of ambrosia
Miscellaneous
 Y - a piece from Xom's chessboard (15/15)


   Skills:
 - Level 2.0 Fighting
 - Level 5.2(12.2) Short Blades
 - Level 17.0(17.3) Long Blades
 - Level 1.7 Throwing
 - Level 2.6 Dodging
 - Level 7.0 Stealth
 - Level 6.0 Shields
 * Level 17.5 Invocations
 - Level 8.0 Evocations


You had 13 spell levels left.
You didn't know any spells.
Your spell library contained the following spells:

 Spells                   Type           Power      Damage    Failure   Level
 Shock                    Conj/Air       0%         1d3       88%         1
 Slow                     Hex            0%         N/A       88%         1
 Ensorcelled Hibernation  Hex/Ice        0%         N/A       96%         2
 Poisonous Vapours        Pois/Air       0%         N/A       96%         2
 Scorch                   Fire           0%         2d5       96%         2
 Static Discharge         Conj/Air       0%         3-3/arc   96%         2
 Confusing Touch          Hex            0%         N/A       99%         3
 Ignite Poison            Fire/Tmut/Pois 0%         N/A       99%         3
 Inner Flame              Hex/Fire       0%         N/A       99%         3
 Mephitic Cloud           Conj/Pois/Air  0%         N/A       99%         3
 Ozocubu's Armour         Ice            0%         N/A       99%         3
 Swiftness                Air            0%         N/A       99%         3
 Tukima's Dance           Hex            0%         N/A       99%         3
 Vampiric Draining        Necr           0%         2d6       99%         3
 Airstrike                Air            0%         2d(0-16)  100%        4
 Corpse Rot               Necr/Pois/Air  0%         N/A       100%        4
 Flame Wave               Conj/Fire      0%         2d4       100%        4
 Fulminant Prism          Conj/Hex       0%         3d6       100%        4
 Summon Ice Beast         Ice/Summ       0%         N/A       100%        4
 Agony                    Necr           0%         N/A       100%        5
 Freezing Cloud           Conj/Ice/Air   0%         6-21      100%        5
 Lightning Bolt           Conj/Air       0%         1d11      100%        5
 Metabolic Englaciation   Hex/Ice        0%         N/A       100%        5
 Simulacrum               Ice/Necr       0%         N/A       100%        6
 Summon Cactus Giant      Summ           0%         N/A       100%        6
 Infestation              Necr           0%         N/A       100%        8
 Maxwell's Capacitive Co  Air            0%         ∞         100%        8


Dungeon Overview and Level Annotations

Branches:
Dungeon (14/15)            Temple (1/1) D:5            Lair (5/5) D:9
 Shoals (0/4) Lair:3       Spider (0/4) Lair:3        Slime (0/5) Lair:4
    Orc (0/2) D:10
 Vaults: D:13-14

Altars:
Ashenzari
Cheibriados
Dithmenos
Fedhas
Gozag
Hepliaklqana
Kikubaaqudgha
Makhleb
Nemelex Xobeh
Okawaru
Qazlal
Ru
Sif Muna
Trog
Uskayaw
Vehumet
Wu Jian
Xom
Yredelemnul
Jiyva

Shops:
D:6 !   D:7 [   D:9 *   D:10 [   D:12 ?**

Annotations:
Lair:4 2 transporters, Chadd's ghost, journeyman HOMo
Lair:5 exclusion: oklob plant


Innate Abilities, Weirdness & Mutations

You have a pair of large antennae on your head. (SInv)
You are mostly covered in slimy green scales. (AC +3)
A meltable icy envelope protects you from harm. (AC +4)
A meltable shield of frost defends you. (SH +4)


Message History

The plant is moderately damaged.
A nearby plant withers and dies.
Really fly into a travel-excluded area?
The oklob plant spits acid at you. The splash of acid hits you!
The acid corrodes you!
You hit the oklob plant but do no damage.
You hit the oklob plant. You burn the oklob plant.
The oklob plant is lightly damaged.
The oklob plant spits acid at you. The splash of acid hits you!
The acid corrodes you!
You hit the oklob plant but do no damage.
The oklob plant is lightly damaged.
You hit the oklob plant. You burn the oklob plant.
The oklob plant is lightly damaged.
You hit the oklob plant but do no damage.
The oklob plant is lightly damaged.
The oklob plant spits acid at you. The splash of acid hits you!!
You hit the oklob plant. You burn the oklob plant.
The oklob plant is lightly damaged.
You hit the oklob plant. You burn the oklob plant.
The oklob plant is moderately damaged.
The oklob plant spits acid at you. The splash of acid hits you!!
* * * LOW HITPOINT WARNING * * *
The acid corrodes you!
You hit the oklob plant but do no damage.
The oklob plant is moderately damaged.
You hit the oklob plant but do no damage.
The oklob plant is moderately damaged.
Aiming: Major Destruction (0% risk of failure)
Press: ? - help, Shift-Dir - straight line, f - oklob plant
Aim: an oklob plant (moderately damaged)
You hear a mighty clap of thunder!
The bolt of lightning hits the oklob plant!!
The oklob plant is severely damaged.
The bolt of lightning hits the oklob plant.
The oklob plant is almost destroyed.
The bolt of lightning hits you!!
You die...

~........## ###...## #.#..#
~.........# #....## ##....#
~.....##.## ##....# #.....#
~~~..##..# ###.## #.P..##
♣~~...#..## #.## ##P....##
~~....#...# ##.# #.......##
~~~.......## ###.# ##..#...#.#
~.......P..### #...# ##..........
.#......P....###@..###..........P
...............#P.?##..........P.
.....#####....#######............
<......# ###..# #.##.........##.
.....### ##.# ##.....###....###
##....## ##.###...<........##
####...# ##...###.........P##
#.### ##.#..# ####........#
##.#####....#######..#.#...#


You could see an oklob plant.

Vanquished Creatures
  Kirke (D:12)
  Gastronok (Lair:1)
  A minotaur (Lair:1)
  A dire elephant (Lair:5)
  A bunyip (shapeshifter) (D:13)
  4 boulder beetles
  4 hydras
  A catoblepas (Lair:5)
  5 centaur warriors
  5 two-headed ogres
  A deep troll shaman (Lair:5)
  8 death yaks
  Urug (Lair:5)
  Nergalle (D:11)
  Lodul (D:11)
  3 ugly things
  Pikel (D:7)
  A deep elf pyromancer (D:13)
  6 cyclopes
  3 manticores
  Maurice (D:12)
  8 elephants
  2 black mambas (Lair:4)
  A gargoyle (D:10)
  12 cane toads
  2 rime drakes
  7 komodo dragons
  An efreet (D:14)
  3 freezing wraiths
  4 polar bears
  2 trolls (D:11)
  7 blink frogs
  Sigmund (D:6)
  7 dream sheep (Lair:5)
  A jumping spider (Lair:3)
  3 water elementals (D:11)
  47 yaks
  8 wyverns
  A shadow (D:10)
  A vampire (D:12)
  7 basilisks
  A hog (D:12)
  2 wraiths
  A steam dragon (D:9)
  3 vampire mosquitoes (D:14)
  Menkaure (D:5)
  2 redbacks (Lair:3)
  Edmund (D:4)
  5 acid dragons
  Duvessa (D:7)
  19 water moccasins
  5 orc warriors
  3 ice beasts
  A sky beast (shapeshifter) (D:12)
  2 sky beasts
  3 black bears
  12 ogres
  14 centaurs
  35 wolves
  A phantom (D:4)
  A necrophage (D:7)
  4 kobold brigands
  4 scorpions
  3 gnoll sergeants
  14 bullfrogs
  10 wights
  Dowan (D:7)
  21 killer bees
  4 electric eels
  2 howler monkeys
  2 jellies
  12 orc priests
  3 hounds (D:5)
  Crazy Yiuf (D:5)
  Ijyb (D:3)
  3 iguanas
  Natasha (thrice) (D:3)
  6 hell rats (Lair:5)
  23 orc wizards
  8 gnolls
  8 adders
  3 white imps
  An ufetubus (D:3)
  6 worms
  5 dart slugs
  81 orcs
  5 ball pythons
  8 bats
  6 endoplasms
  4 giant cockroaches
  6 goblins
  6 hobgoblins
  3 quokkas
  4 frilled lizards
  41 kobolds
  7 rats
608 creatures vanquished.

Vanquished Creatures (collateral kills)
  A deep elf pyromancer (D:13)
  An orc (D:13)
2 creatures vanquished.

Vanquished Creatures (others)
  A two-headed ogre (D:12)
  A bush (Lair:5)
  30 fungi
  108 plants
140 creatures vanquished.

Grand Total: 750 creatures vanquished

Notes
Turn   | Place    | Note
-------+----------+-------------------------------------------
     0 | D:1      | Cheops the Demonspawn Gladiator began the quest for the
                  | Orb.
     0 | D:1      | Reached XP level 1. HP: 16/16 MP: 1/1
   130 | D:1      | Gained mutation: A meltable shield of frost defends you.
                  | (SH +4) [demonic ancestry]
   130 | D:1      | Reached XP level 2. HP: 18/22 MP: 2/2
   587 | D:1      | Found a faded altar of an unknown god.
  1106 | D:2      | Gained mutation: A meltable icy envelope protects you from
                  | harm. (AC +4) [demonic ancestry]
  1106 | D:2      | Reached XP level 3. HP: 27/27 MP: 3/3
  2277 | D:3      | Noticed Ijyb
  2286 | D:3      | Paralysed by Ijyb for 3 turns
  2292 | D:3      | Paralysed by Ijyb for 5 turns
  2295 | D:3      | Killed Ijyb
  2296 | D:3      | Reached skill level 1 in Short Blades
  2296 | D:3      | Reached XP level 4. HP: 24/33 MP: 4/4
  2516 | D:3      | Found a snail-covered altar of Cheibriados.
  2583 | D:3      | Noticed Natasha
  2593 | D:3      | Killed Natasha
  2647 | D:3      | Noticed Natasha
  2661 | D:3      | Killed Natasha
  2662 | D:3      | Reached XP level 5. HP: 16/38 MP: 5/5
  3059 | D:3      | Noticed Natasha
  3071 | D:3      | Killed Natasha
  3364 | D:3      | Found a sacrificial altar of Ru.
  3584 | D:3      | Found an ancient bone altar of Kikubaaqudgha.
  3868 | D:4      | Reached XP level 6. HP: 44/44 MP: 6/6
  3945 | D:4      | Found an ornate altar of the Wu Jian Council.
  4201 | D:4      | Reached skill level 5 in Short Blades
  4293 | D:4      | Noticed Edmund
  4300 | D:4      | Killed Edmund
  4301 | D:4      | Reached XP level 7. HP: 46/50 MP: 7/7
  4317 | D:4      | Reached skill level 5 in Long Blades
  5119 | D:5      | Entered Level 5 of the Dungeon
  5439 | D:5      | Noticed Menkaure
  5576 | D:5      | Found a staircase to the Ecumenical Temple.
  5623 | Temple   | Entered the Ecumenical Temple
  5789 | Temple   | Became a worshipper of Makhleb the Destroyer
  6079 | D:5      | Reached XP level 8. HP: 38/56 MP: 8/8
  6217 | D:5      | Found a runed translucent door.
  6218 | D:5      | Noticed Crazy Yiuf
  6602 | D:5      | Killed Menkaure
  6638 | D:5      | Reached * piety under Makhleb
  6797 | D:5      | Killed Crazy Yiuf
  7131 | D:6      | Noticed Sigmund
  7156 | D:6      | Killed Sigmund
  7373 | D:6      | Found a stormy altar of Qazlal.
  7406 | D:6      | You fall into a shaft and drop 1 floor!
  7544 | D:7      | Gained mutation: You are partially covered in slimy green
                  | scales. (AC +2) [demonic ancestry]
  7544 | D:7      | Reached XP level 9. HP: 61/61 MP: 9/9
  7547 | D:7      | Noticed Duvessa
  7574 | D:7      | Killed Duvessa
  7631 | D:7      | Reached skill level 10 in Long Blades
  8198 | D:6      | Found Geonyoclygg's Distillery.
  8217 | D:6      | Got the Compilation of Space
  8220 | D:6      | Bought a potion of heal wounds for 60 gold pieces
  8220 | D:6      | Bought a potion of might for 48 gold pieces
  8220 | D:6      | Bought a potion of haste for 120 gold pieces
  8220 | D:6      | Bought a potion of degeneration for 12 gold pieces
  9478 | D:1      | Found a faded altar of an unknown god.
 10810 | D:3      | Found a snail-covered altar of Cheibriados.
 11181 | D:3      | Found an ancient bone altar of Kikubaaqudgha.
 11186 | D:3      | Found a sacrificial altar of Ru.
 11891 | D:4      | Found an ornate altar of the Wu Jian Council.
 12365 | D:5      | Found a staircase to the Ecumenical Temple.
 13077 | D:6      | Found Geonyoclygg's Distillery.
 13425 | D:6      | Found a stormy altar of Qazlal.
 14056 | D:7      | Noticed Pikel
 14083 | D:7      | Killed Pikel
 14155 | D:7      | Gained mutation: You are mostly covered in slimy green
                  | scales. (AC +3) [demonic ancestry]
 14155 | D:7      | Reached XP level 10. HP: 53/67 MP: 10/10
 14365 | D:7      | Noticed Dowan
 14435 | D:7      | Killed Dowan
 14471 | D:7      | Found Piudo's Armour Shoppe.
 14494 | D:7      | Reached ** piety under Makhleb
 14508 | D:7      | Bought a +0 pair of boots of flying for 172 gold pieces
 14978 | D:8      | Found a sparkling altar of Nemelex Xobeh.
 15191 | D:8      | Reached skill level 1 in Invocations
 15593 | D:8      | Noticed a manticore
 15610 | D:8      | Killed a manticore
 15611 | D:8      | Reached skill level 5 in Invocations
 16124 | D:8      | Found a large runed translucent door.
 16144 | D:8      | Found a large runed translucent door.
 16298 | D:8      | Found a shimmering blue altar of Sif Muna.
 16311 | D:8      | Found a hazy altar of Hepliaklqana.
 16368 | D:9      | Found a broken altar of Ashenzari.
 16496 | D:9      | Found Zyramaru's Changing Room.
 16498 | D:9      | Noticed a two-headed ogre
 16510 | D:9      | Killed a two-headed ogre
 16605 | D:9      | Gained mutation: You have a pair of small antennae on your
                  | head. [demonic ancestry]
 16605 | D:9      | Reached XP level 11. HP: 71/72 MP: 17/17
 16828 | D:9      | Reached *** piety under Makhleb
 17178 | D:9      | Got the Commentary on Jinxing
 17589 | D:9      | Reached skill level 10 in Invocations
 17647 | D:9      | Reached skill level 1 in Stealth
 17657 | D:9      | Found a staircase to the Lair.
 17820 | D:10     | Entered Level 10 of the Dungeon
 18208 | D:10     | Found Wiyplett's Antique Armour Shoppe.
 18433 | D:10     | Reached **** piety under Makhleb
 18447 | D:10     | Found a staircase to the Orcish Mines.
 18682 | D:10     | Noticed a two-headed ogre
 18686 | D:10     | Killed a two-headed ogre
 19098 | D:11     | Reached skill level 5 in Stealth
 19189 | D:11     | Noticed Lodul
 19294 | D:11     | Killed Lodul
 19496 | D:11     | Noticed Nergalle
 19511 | D:11     | Killed Nergalle
 19640 | D:11     | Reached skill level 1 in Shields
 19640 | D:11     | Gained mutation: You have a pair of antennae on your head.
                  | [demonic ancestry]
 19640 | D:11     | Reached XP level 12. HP: 52/78 MP: 21/21
 20005 | D:11     | Noticed a boulder beetle
 20037 | D:11     | Killed a boulder beetle
 20145 | D:11     | Noticed a five-headed hydra
 20146 | D:11     | Noticed a two-headed ogre
 20158 | D:11     | Killed a two-headed ogre
 20541 | D:12     | Noticed a two-headed ogre
 20555 | D:12     | Killed a two-headed ogre
 20569 | D:12     | Found a flickering gateway to a bazaar.
 20576 | Bazaar   | Entered a bazaar
 20616 | Bazaar   | Found Cemav's General Store.
 20638 | Bazaar   | Found Qusiky's Antique Weapon Emporium.
 20659 | Bazaar   | Found Heoda's Antique Weapon Boutique.
 20679 | Bazaar   | Found Wotusarr's Antique Armour Shoppe.
 20721 | Bazaar   | Bought a runed falchion for 198 gold pieces
 20736 | Bazaar   | Bought a runed great sword for 228 gold pieces
 20751 | Bazaar   | Bought a glowing scale mail for 175 gold pieces
 20827 | D:12     | Noticed Kirke
 20850 | D:12     | Killed Kirke
 20851 | D:12     | Reached skill level 5 in Shields
 20933 | D:12     | Found Qotoeff's Magic Scroll Shoppe.
 20933 | D:12     | Noticed a five-headed hydra
 20936 | D:12     | Killed a five-headed hydra
 20948 | D:12     | Bought a scroll of brand weapon for 161 gold pieces
 20964 | D:12     | Killed a two-headed ogre
 21087 | D:12     | Found Wuts's Assorted Antiques.
 21090 | D:12     | Noticed Maurice
 21099 | D:12     | Killed Maurice
 21170 | D:12     | Bought a scroll of teleportation for 81 gold pieces
 21393 | D:12     | Found Rosetaem's General Store.
 21553 | D:13     | Noticed a centaur warrior
 21553 | D:13     | Noticed a centaur warrior
 21596 | D:12     | Killed a centaur warrior
 21662 | D:13     | Killed a centaur warrior
 21937 | D:13     | Identified the +9 battleaxe of Ownauf Nitu {vorpal, *Rage
                  | *Corrode +Blink Dex+8}
 22056 | D:13     | Noticed a bunyip
 22072 | D:13     | Killed a bunyip
 22073 | D:13     | Reached skill level 15 in Invocations
 22571 | D:13     | Noticed a boulder beetle
 22591 | D:13     | Killed a boulder beetle
 23355 | D:12     | Bought a scroll of identify for 34 gold pieces
 23355 | D:12     | Bought a scroll of identify for 34 gold pieces
 23382 | D:14     | Noticed a centaur warrior
 23396 | D:14     | Killed a centaur warrior
 23397 | D:14     | Gained mutation: You have a pair of large antennae on your
                  | head. (SInv) [demonic ancestry]
 23397 | D:14     | Reached XP level 13. HP: 83/83 MP: 25/25
 24673 | D:14     | Found a hazy altar of Hepliaklqana.
 25086 | D:14     | Identified the +2 robe of the Earth {Harm Will+}
 25649 | Lair:1   | Entered Level 1 of the Lair of Beasts
 25725 | Lair:1   | Reached skill level 15 in Long Blades
 25730 | Lair:1   | Identified a scroll of acquirement
 25959 | Lair:1   | Noticed Gastronok
 25978 | Lair:1   | Killed Gastronok
 26275 | Lair:1   | Found a runed translucent door.
 26681 | Lair:1   | Reached ***** piety under Makhleb
 27137 | Lair:1   | Noticed a minotaur
 27167 | Lair:1   | Killed a minotaur
 28169 | Lair:2   | Reached XP level 14. HP: 90/90 MP: 26/26
 28640 | Lair:3   | Found a staircase to the Shoals.
 28855 | Lair:3   | You are sucked into a shaft and drop 2 floors!
 28855 | Lair:5   | Entered Level 5 of the Lair of Beasts
 28963 | Lair:3   | Found an ornate altar of the Wu Jian Council.
 28963 | Lair:3   | Found a hide-covered altar of Uskayaw.
 29137 | Lair:3   | Reached skill level 1 in Evocations
 29421 | Lair:3   | Found a hole to the Spider Nest.
 29954 | Lair:4   | Reached skill level 5 in Evocations
 30203 | Lair:4   | Found a transporter.
 30203 | Lair:4   | Found a transporter.
 30209 | Lair:4   | Noticed Chadd's ghost (journeyman HOMo)
 30379 | Lair:4   | Found a viscous altar of Jiyva.
 30380 | Lair:4   | Found a staircase to the Slime Pits.
 31207 | Lair:5   | Noticed Urug
 31224 | Lair:5   | Killed Urug
 31742 | Lair:5   | Reached ****** piety under Makhleb
 32692 | Lair:5   | Killed themself with a bounced bolt of lightning

Illustrated notes

Levels and vault maps discovered:
D:1:      minmay_arrival_solitary_statue, layout_loops_corners,
          hellmonk_ecumenical_altar_arch_garden, nrook_uturn
D:2:      layout_basic
D:3:      corexii_shack_village, layout_basic, kennysheep_slug_shrine,
          gammafunk_temple_overflow_statue, kennysheep_generic_room_8,
          uniq_natasha, uniq_ijyb
D:4:      minmay_door_path, layout_cave_pods, nicolae_wu_jian_wuxing_cycle,
          kennysheep_cross_room, uniq_edmund
D:5:      kennysheep_kobold_camp, layout_cave_pods,
          minmay_temple_entry_statues_fountains, uniq_crazy_yiuf_cottage,
          uniq_menkaure
D:6:      minmay_evil_eye, layout_layer_cave, marbit_many_paths, serial_shops,
          shop_statue, grunt_ministairs_8, uniq_sigmund
D:7:      layout_basic, serial_shops, nicolae_shop_hallway_plus,
          minmay_starry_boxes, uniq_duvessa, uniq_pikel
D:8:      kennysheep_blocky_room, layout_gridville, jmf_multi_god_temple2,
          mainiacjoe_overflow_six_doors_small, minmay_parallelograms,
          minmay_misc_feat_chi, corner_web_ring
D:9:      layout_stronghold, nicolae_ashenzari_panopticon, erik_lair_dragon,
          library_closet, nicolae_transmutations_shop
D:10:     layout_gridville, hiddenorc2_lemuel, nicolae_take_the_stairs,
          hellmonk_bongcloud_opening
D:11:     layout_basic, uniq_nergalle, uniq_lodul
D:12:     layout_rooms, serial_shops, freezing_bzr, shop, nicolae_shop_stone,
          shop, uniq_maurice, uniq_kirke
D:13:     layout_stronghold
D:14:     layout_layer_cave, skrybe_vaults_entry_preservation,
          nicolae_hepliaklqana_hazy_memory, item_on_display_a
Temple:   hellmonk_temple_forest_ring
Lair:1:   dreamdust_labyrinth, layout_gridlike, uniq_gastronok
Lair:2:   layout_long_grid, minmay_holes
Lair:3:   layout_regular_city, shoals_dummy_entry, spider_nest_entry_a,
          st_stairs_13, nzn_masters_of_martial_movement, lemuel_fruit_tree
Lair:4:   layout_layer_cave, slime_entry_1, gammafunk_ghost_hive,
          beast_lair_carwin_6
Lair:5:   grunt_lair_end_beastmaster, layout_loops_ring, serial_bayou,
          serial_bayou_pond_e, serial_bayou_pond_e, serial_bayou_ford_a,
          serial_bayou_pond_c, minivault_23, minmay_lair_oklob_items, uniq_urug

Skill      XL: |  1  2  3  4  5  6  7  8  9 10 11 12 13 14 |
---------------+-------------------------------------------+-----
Long Blades    | 3 4 7 9 12 13 16 17 | 17.0
Short Blades   | 1 3 4 5 |  5.2
Invocations    | 8 12 16 17 | 17.5
Stealth        | 7 |  7.0
Shields        | 1 6 |  6.0
Evocations     | 8 |  8.0
Fighting       | |  2.0
Throwing       | |  1.7
Dodging        | |  2.6

Action                   |  1- 3 |  4- 6 |  7- 9 | 10-12 | 13-15 || total
-------------------------+-------+-------+-------+-------+-------++-------
Melee: Long sword        |    83 |    14 |    26 |   258 |   129 ||   510
       Dagger            |    25 |   141 |   603 |   551 |       ||  1320
       Punch             |       |     1 |    11 |     9 |     4 ||    25
       Falchion          |       |       |       |   474 |    43 ||   517
       Great sword       |       |       |       |    49 |     9 ||    58
       Unarmed           |       |       |       |     4 |       ||     4
       Scimitar          |       |       |       |       |  1076 ||  1076
       Hand axe          |       |       |       |       |     9 ||     9
Invok: Minor Destruction |       |       |       |    18 |       ||    18
       Major Destruction |       |       |       |    19 |     5 ||    24
       Lesser Servant of |       |       |       |     4 |     1 ||     5
Evoke: Wand              |       |     1 |     1 |     3 |       ||     5
       Piece from Xom's  |       |       |       |     2 |       ||     2
  Use: Scroll            |       |       |     8 |    21 |    15 ||    44
       Potion            |       |       |       |     2 |     2 ||     4
 Stab: Sleeping          |     1 |       |     2 |     2 |     2 ||     7
       Paralysed         |       |     3 |     2 |       |       ||     5
       Distracted        |       |       |       |     4 |     1 ||     5
Armor: Leather armour    |    34 |    38 |   190 |    27 |       ||   289
       Scale mail        |       |       |       |   472 |   940 ||  1412
       Skin              |       |       |       |     5 |       ||     5
Dodge: Dodged            |    59 |    60 |   241 |   376 |   568 ||  1304
Block: Other             |    18 |    19 |    72 |    57 |    59 ||   225
       Buckler           |       |       |       |   226 |   556 ||   782
